 Dungeon Crawl Stone Soup version 0.28-a0-1518-gbe868bca14 (webtiles) character file.

Game seed: 17337591401955796215

37 ytrimaz the Insei (level 3, 0/23 HPs)
             Began as an Octopode Transmuter on Jan 17, 2022.
             Was a Believer of Lugonu.
             Succumbed to an adder's poison
             ... on level 2 of the Dungeon.
             The game lasted 00:02:41 (1555 turns).

ytrimaz the Insei (Octopode Transmuter)             Turns: 1555, Time: 00:02:41

Health: 0/23       AC:  1    Str:  9    XL:     3   Next: 39%
Magic:  5/6        EV: 13    Int: 23    God:    Lugonu [**....]
Gold:   91         SH:  0    Dex: 12    Spells: 3/6 levels left

rFire   + . .      SeeInvis .     - Unarmed
rCold   . . .      Faith    .   (no shield)
rNeg    . . .      Spirit   .   (helmet currently unavailable)
rPois   .          Reflect  .   (no amulet)
rElec   .          Harm     .   c - ring of protection from fire
rCorr   .          Rampage  .   e - +6 ring of intelligence
Will    .....                   (no ring)
Stlth   ++........              (no ring)
HPRegen 0.07/turn               (no ring)
MPRegen 0.10/turn               (no ring)
                                (no ring)
                                (no ring)

@: lethally poisoned (0 -> -11), appendages
A: tentacle spike 3, almost no armour, amphibious, 8 rings, camouflage 1,
gelatinous body 1, (nimble swimmer 1), tentacles
a: End Transformation, Renounce Religion, Depart the Abyss, Bend Space


You were on level 2 of the Dungeon.
You worshipped Lugonu.
Lugonu was pleased with you.
One of your tentacles had grown a beastly spike.
You visited 1 branch of the dungeon, and saw 2 of its levels.

You collected 91 gold pieces.

Inventory:

Jewellery
 c - a ring of protection from fire (left tentacle)
 e - a +6 ring of intelligence (right tentacle)
Scrolls
 a - 2 scrolls of fear
 b - 2 scrolls of enchant weapon
 d - a scroll of acquirement
 f - a scroll of enchant armour {unknown}
 g - a scroll of amnesia {unknown}
 h - a scroll of teleportation {unknown}
Potions
 i - a potion of ambrosia {unknown}


   Skills:
 * Level 1.0 Fighting
 + Level 2.3 Dodging
 - Level 0.6 Stealth
 + Level 3.6 Unarmed Combat
 + Level 2.2 Spellcasting
 + Level 2.4 Transmutations


You had 3 spell levels left.
You knew the following spells:

 Your Spells              Type           Power      Damage    Failure   Level
a - Beastly Appendage     Tmut           26%        N/A       4%          1
b - Wereblood             Tmut           13%        N/A       7%          2

Your spell library contained the following spells:

 Spells                   Type           Power      Damage    Failure   Level
 Spider Form              Tmut/Pois      8%         N/A       22%         3
 Ice Form                 Ice/Tmut       8%         N/A       58%         4


Dungeon Overview and Level Annotations

Branches:
Dungeon (2/15)

Altars:
Lugonu


Innate Abilities, Weirdness & Mutations

One of your tentacles has grown a beastly spike.
You cannot wear most types of armour.
You are amphibious.
You can wear up to eight rings at the same time.
Your skin changes colour to match your surroundings (Stealth+).
Your rubbery body absorbs attacks. (AC +1, EV +1)
((You are camouflaged when in or above water. (Stealth+)))
You have tentacles for arms and can constrict up to eight enemies at once.


Message History

You tentacle-slap the bat but do no damage.
You grab the bat.
You constrict the bat, but do no damage.
The bat hits you.
The bat escapes!
You tentacle-slap the bat but do no damage.
You grab the bat. You constrict the bat. The bat closely misses you.
The bat struggles to escape constriction.
You tentacle-slap the bat.
You kill the bat!
Lugonu accepts your kill.
An adder comes into view.
The adder bites you.
You are poisoned.
The adder poisons you!
An adder is nearby!
An adder is nearby!
You extend your transformation's duration.
You feel sick. The adder barely misses you.
You tentacle-slap the adder but do no damage.
Your grab misses the adder.
You feel sick. The adder bites you.
You are more poisoned.
The adder poisons you!
You closely miss the adder. Your grab misses the adder.
Your tentacle spike misses the adder.
Your squeeze misses the adder.
You feel sick. The adder bites you.
* * * LOW HITPOINT WARNING * * *
You are more poisoned.
The adder poisons you!
You tentacle-slap the adder. Your grab misses the adder.
You pierce the adder.
Your squeeze misses the adder.
The adder is heavily wounded.
* * * LOW HITPOINT WARNING * * *
You feel very sick.
The adder bites you but does no damage. x2
You closely miss the adder. You grab the adder. You squeeze the adder.
The adder is almost dead.
You constrict the adder.
You kill the adder!
Lugonu accepts your kill.
You die...

############
#...........
#...........
#...........
####.######...........
.......@.........>....
####.#.######.....####
#.#...#......# ..
#.#.#.#......# .. ...
#.#..........# .# ..#
#.#.###.#####..# .# #.#
#.#............# .#
#.#######.#######......#
.#
#.#....................#


There were no monsters in sight!

Vanquished Creatures
  An adder (D:2)
  A dart slug (D:1)
  3 endoplasms (D:1)
  2 giant cockroaches
  4 goblins (D:1)
  4 hobgoblins (D:1)
  4 jackals (D:1)
  2 kobolds
  2 ball pythons (D:1)
  5 bats
  A frilled lizard (D:1)
29 creatures vanquished.

Notes
Turn   | Place    | Note
-------+----------+-------------------------------------------
     0 | D:1      | ytrimaz the Octopode Transmuter began the quest for the
                  | Orb.
     0 | D:1      | Reached XP level 1. HP: 13/13 MP: 3/3
   323 | D:1      | Reached XP level 2. HP: 18/18 MP: 3/5
   326 | D:1      | Learned a level 2 spell: Wereblood
   855 | D:1      | Found a faded altar of an unknown god.
   870 | D:1      | Reached XP level 3. HP: 21/23 MP: 6/6
  1192 | D:1      | Prayed at the altar of an unknown god.
  1192 | D:1      | Became a worshipper of Lugonu the Unformed
  1192 | D:1      | Reached * piety under Lugonu
  1192 | D:1      | Reached ** piety under Lugonu
  1194 | D:1      | Identified a scroll of acquirement
  1555 | D:2      | Succumbed to an adder's poison

Illustrated notes

Levels and vault maps discovered:
D:1:      roderic_octagonal_star, layout_basic,
          hellmonk_ecumenical_altar_lost_god
D:2:      layout_basic, minmay_ruptured

Action                   || total
-------------------------++-------
Melee: Unarmed           ||    71
       Kick              ||    16
       Tentacles         ||    10
       Constrict         ||    14
       Punch             ||     3
 Cast: Beastly Appendage ||    15
       Wereblood         ||     1
  Use: Scroll            ||     2
 Stab: Sleeping          ||     4
Armor: Skin              ||     9
Dodge: Dodged            ||    49

Table legend: (Time is in decaauts)
 A = Elapsed time spent in this place.
 B = Non-inter-level travel time spent in this place.
 C = Inter-level travel time spent in this place.
 D = Time resting spent in this place.
 E = Time spent auto-exploring this place.
 F = Levels seen in this place.
 G = Mean time per level.
                   A        B        C        D        E       F      G
               +--------+--------+--------+--------+--------+-----+--------+
         Total |   1548 |   1493 |     55 |      0 |   1241 |   2 |  774.0 |
       Dungeon |   1548 |   1493 |     55 |      0 |   1241 |   2 |  774.0 |
               +--------+--------+--------+--------+--------+-----+--------+

Top non-repeatable levels by time:
     D:1: 1357 daAuts
     D:2: 191 daAuts
